 Dungeon Crawl Stone Soup version 0.26.1-11-gd32895ea62 (webtiles) character file.

Game seed: 13240139962210169084

7009 Almogavar the Destroyer (level 10, -23/77 HPs)
             Began as a Purple Draconian Conjurer on June 26, 2021.
             Was a Follower of Nemelex Xobeh.
             Annihilated by a white ugly thing (29 damage)
             ... on level 10 of the Dungeon.
             The game lasted 00:40:40 (13086 turns).

Almogavar the Destroyer (DrCj)                     Turns: 13086, Time: 00:40:41

Health: -23/77     AC:  9    Str:  9    XL:     10   Next: 82%
Magic:  24/24      EV: 15    Int: 22    God:    Nemelex Xobeh [*.....]
Gold:   715        SH:  0    Dex: 16    Spells: 22/29 levels left

rFire    . . .     SeeInvis .   o - +5 scimitar (flame)
rCold    . . .     Faith    .   (no shield)
rNeg     . . .     Spirit   .   (armour unavailable)
rPois    .         Reflect  .   (helmet restricted)
rElec    .         Harm     .   y - scarf {+Inv}
rCorr    .         Rampage  .   z - +1 pair of gloves
Will     ++...                  (no boots)
Stlth    +++.......             (no amulet)
HPRegen  0.22/turn              D - ring of willpower
MPRegen  0.19/turn              s - +6 ring of dexterity

@: slowed, studying Transmutations, very slow
A: breathe power, unfitting armour, cold-blooded, AC +7
a: Breathe Dispelling Energy, Renounce Religion, Evoke Invisibility, Draw
Escape, Draw Destruction, Draw Summoning


You were on level 10 of the Dungeon.
You worshipped Nemelex Xobeh.
Nemelex Xobeh was aware of your devotion.
You visited 2 branches of the dungeon, and saw 14 of its levels.

You collected 715 gold pieces.

Inventory:

Hand Weapons
 o - a +5 scimitar of flaming (weapon)
 v - a +4 falchion of freezing
Armour
 y - a scarf of invisibility (worn)
 z - a +1 pair of gloves (worn)
Jewellery
 n - an uncursed ring of protection from cold
 p - an uncursed ring of ice
 s - a +6 ring of dexterity (right hand)
 x - a +6 ring of strength
 D - a ring of willpower (left hand)
 H - a +4 ring of evasion
Wands
 b - a wand of random effects (38)
 l - a wand of digging (6)
 r - a wand of flame (8)
 u - a wand of disintegration (14)
Scrolls
 a - 8 scrolls of teleportation
 g - 6 scrolls of remove curse
 i - a scroll of enchant weapon
 k - 2 scrolls of blinking
Potions
 c - 4 potions of heal wounds
 d - 3 potions of berserk rage
 e - 2 potions of might
 f - a potion of lignification
 h - 3 potions of curing
 j - a potion of magic
 m - a potion of haste
 q - 2 potions of flight
 t - 2 potions of cancellation
 w - a potion of brilliance {unknown}
Books
 C - a manual of Transmutations
Miscellaneous
 A - a tin of tremorstones (2/2)
 B - a phial of floods
 E - a phantom mirror


   Skills:
 + Level 3.0 Fighting
 + Level 1.5 Long Blades
 + Level 5.0 Dodging
 + Level 4.8 Stealth
 + Level 10.0 Spellcasting
 + Level 10.5 Conjurations
 - Level 6.2 Translocations
 * Level 2.6 Transmutations


You had 22 spell levels left.
You knew the following spells:

 Your Spells              Type           Power        Failure   Level
a - Magic Dart            Conj           100%         1%          1
b - Searing Ray           Conj           100%         1%          2
c - Iskenderun's Mystic   Conj/Tloc      47%          1%          4

Your spell library contained the following spells:

 Spells                   Type           Power        Failure   Level
 Beastly Appendage        Tmut           44%          1%          1
 Foxfire                  Conj/Fire      100%         1%          1
 Shock                    Conj/Air       100%         1%          1
 Conjure Flame            Conj/Fire      34%          1%          3
 Dazzling Flash           Conj/Hex       68%          1%          3
 Static Discharge         Conj/Air       34%          1%          3
 Wereblood                Tmut           22%          3%          2
 Portal Projectile        Hex/Tloc       48%          4%          3
 Corona                   Hex            12%          6%          1
 Fulminant Prism          Conj/Hex       17%          7%          4
 Sticky Flame             Conj/Fire      34%          7%          4
 Slow                     Hex            11%          9%          2
 Swiftness                Air            11%          9%          2
 Spider Form              Tmut/Pois      8%           11%         3
 Inner Flame              Hex/Fire       11%          19%         3
 Fireball                 Conj/Fire      17%          19%         5
 Lightning Bolt           Conj/Air       17%          19%         5
 Ice Form                 Ice/Tmut       16%          34%         4
 Blade Hands              Tmut           11%          50%         5
 Airstrike                Air            5%           52%         4
 Cause Fear               Hex            5%           52%         4
 Leda's Liquefaction      Hex/Erth       5%           52%         4


Dungeon Overview and Level Annotations

Branches:
Dungeon (13/15)            Temple (1/1) D:6            Lair (0/6) D:8
    Orc: D:9-12      Vaults: D:13-14

Altars:
Ashenzari
Cheibriados
Dithmenos
Elyvilon
Fedhas
Gozag
Hepliaklqana
Kikubaaqudgha
Makhleb
Nemelex Xobeh
Okawaru
Qazlal
Ru
Sif Muna
Trog
Uskayaw
Vehumet
Wu Jian
Xom
Yredelemnul
Zin
The Shining One

Shops:
D:6 *


Innate Abilities, Weirdness & Mutations

You can breathe bolts of dispelling energy.
Your rich purple scales are hard. (AC +7)
You cannot fit into any form of body armour.
You are cold-blooded and may be slowed by cold attacks.


Message History

The white ugly thing freezes you!!
You feel yourself slow down. The orc hits you but does no damage.
There is a stone staircase leading down here.
Unknown command.
You draw a card...
You have drawn the Pentagram.
The white ugly thing kicks you. The white ugly thing freezes you!!
You feel as though you will be slow longer.
* * * LOW HITPOINT WARNING * * *
The orc barely misses you.
You riposte.
You slash the orc! You burn the orc.
You kill the orc!
The white ugly thing barely misses you.
Your hell hound bites the white ugly thing!
Your rust devil hits the white ugly thing!
Your rust devil corrodes the white ugly thing!
Your hell hound bites the white ugly thing.
The white ugly thing kicks you!
* * * LOW HITPOINT WARNING * * *
The white ugly thing freezes you!!
You die...
Your body glows slightly and disappears.

. . #.
###'######
.........#
....o....#
.....[...#
......4@.#.#
.......uh'.#
.......[.###
.....[...#
#'######## #


You could see a white ugly thing (corroded), an orc, a friendly rust devil
(summoned) and a friendly hell hound (summoned).

Vanquished Creatures
  Erica (D:9)
  A deep elf mage (D:9)
  A manticore (D:11)
  A cyclops (D:9)
  The ghost of boben the Skirmisher, a novice DsFi of Uskayaw (D:6)
  A komodo dragon (D:8)
  A hornet (D:12)
  A yak (D:9)
  2 humans (D:9)
  A wraith (D:10)
  Edmund (D:5)
  3 orc warriors (D:9)
  2 sky beasts
  An ice beast (D:6)
  2 centaurs
  3 ogres
  2 big kobolds (D:8)
  9 bullfrogs
  6 scorpions
  6 wights
  A howler monkey (D:4)
  An electric eel (D:9)
  A bullfrog zombie (D:5)
  5 quasits
  A bullfrog skeleton (D:5)
  2 jellies
  4 orc priests
  5 hounds
  12 orc wizards
  A centaur skeleton (D:11)
  3 iguanas
  4 worker ants
  A hound zombie (D:6)
  A howler monkey zombie (D:9)
  7 gnolls
  10 adders
  8 white imps
  2 ufetubi
  An ooze (D:6)
  4 adder skeletons
  A worm (D:2)
  A dart slug (D:1)
  4 leopard geckos
  37 orcs
  4 giant cockroaches
  8 goblins
  4 hobgoblins
  3 jackals (D:6)
  5 quokkas
  4 ball pythons
  3 bats
  4 frilled lizards
  A jackal skeleton (D:2)
  A jackal zombie (D:4)
  12 kobolds
  A leopard gecko skeleton (D:4)
  A leopard gecko zombie (D:6)
  3 quokka skeletons
  5 rats
222 creatures vanquished.

Vanquished Creatures (others)
  4 plants (D:8)
4 creatures vanquished.

Grand Total: 226 creatures vanquished

Notes
Turn   | Place    | Note
-------+----------+-------------------------------------------
     0 | D:1      | Almogavar the Draconian Conjurer began the quest for the
                  | Orb.
     0 | D:1      | Reached XP level 1. HP: 14/14 MP: 3/3
   600 | D:1      | Reached XP level 2. HP: 20/20 MP: 3/5
   603 | D:1      | Learned a level 2 spell: Searing Ray
  1518 | D:2      | Reached XP level 3. HP: 26/26 MP: 2/6
  1593 | D:2      | Found a hide-covered altar of Uskayaw.
  1602 | D:2      | Reached skill level 5 in Conjurations
  2078 | D:2      | Reached XP level 4. HP: 33/33 MP: 3/7
  2212 | D:2      | Found a glowing silver altar of Zin.
  2222 | D:2      | Found a shimmering blue altar of Sif Muna.
  2224 | D:2      | Found a shimmering altar of Xom.
  2492 | D:3      | Learned a level 4 spell: Iskenderun's Mystic Blast
  3249 | D:3      | Reached XP level 5. HP: 37/38 MP: 7/9
  3275 | D:3      | Found a blossoming altar of Fedhas.
  4333 | D:4      | Reached XP level 6. HP: 46/46 MP: 4/11
  4734 | D:5      | Entered Level 5 of the Dungeon
  4734 | D:5      | Noticed Edmund
  4741 | D:5      | Killed Edmund
  5514 | D:5      | Your scales start taking on a rich purple colour.
  5514 | D:5      | Reached skill level 5 in Spellcasting
  5514 | D:5      | Reached XP level 7. HP: 51/51 MP: 10/14
  5568 | D:5      | Reached skill level 1 in Translocations
  5902 | D:5      | Reached skill level 1 in Fighting
  6095 | D:5      | Found a burning altar of Makhleb.
  6492 | D:6      | Found a transporter.
  7008 | D:6      | Found a transporter.
  7360 | D:6      | Found Irutaq's Assorted Antiques.
  7548 | D:6      | Reached XP level 8. HP: 59/59 MP: 12/17
  7696 | D:6      | Found a staircase to the Ecumenical Temple.
  7706 | Temple   | Entered the Ecumenical Temple
  7827 | Temple   | Became a worshipper of Nemelex Xobeh the Trickster
  7994 | D:6      | Noticed boben's ghost (novice DsFi)
  8294 | D:6      | Killed boben's ghost
  8654 | D:7      | Reached XP level 9. HP: 62/68 MP: 2/19
  8893 | D:7      | Found a glowing golden altar of the Shining One.
  9811 | D:8      | Reached * piety under Nemelex Xobeh
  9926 | D:8      | Noticed a troll
  9928 | D:8      | Noticed a two-headed ogre
  9932 | D:8      | Noticed a freezing wraith
 10090 | D:8      | Found a staircase to the Lair.
 10091 | D:8      | Noticed a komodo dragon
 10109 | D:8      | Killed a komodo dragon
 10731 | D:9      | Noticed a cyclops
 10737 | D:9      | Reached skill level 5 in Translocations
 10858 | D:9      | Noticed a deep elf mage
 10864 | D:9      | Killed a deep elf mage
 11134 | D:9      | Killed a cyclops
 11135 | D:9      | Reached XP level 10. HP: 75/75 MP: 13/22
 11395 | D:9      | Found an iron altar of Okawaru.
 11627 | D:9      | Noticed Erica
 11633 | D:9      | Killed Erica
 11634 | D:9      | Reached skill level 10 in Conjurations
 12208 | D:10     | Entered Level 10 of the Dungeon
 12216 | D:10     | Reached skill level 1 in Transmutations
 12252 | D:10     | Reached skill level 1 in Long Blades
 12443 | D:10     | Found a shadowy altar of Dithmenos.
 12493 | D:10     | You fall into a shaft and drop 3 floors!
 12506 | D:12     | Paralysed by a hornet for 3 turns
 12710 | D:12     | Received a gift from Nemelex Xobeh
 12842 | D:11     | Noticed a manticore
 12869 | D:11     | Noticed a manticore
 12891 | D:11     | Killed a manticore
 12892 | D:11     | Reached skill level 5 in Dodging
 12892 | D:11     | Reached skill level 10 in Spellcasting
 12967 | D:10     | Noticed a cyan ugly thing
 13086 | D:10     | Annihilated by a white ugly thing

Illustrated notes

Levels and vault maps discovered:
D:1:      onia_arrival_mini_maze, layout_basic
D:2:      layout_rooms, eat_drink_and_be_merry_uskayaw,
          grunt_temple_overflow_open, grunt_ministairs_2, kennysheep_flooded_box
D:3:      layout_loops_corners, palyth_stone_intersect, dk_noncrumbling_4,
          fedhas_altar_4
D:4:      layout_basic
D:5:      layout_gridville, old_standard_altar, grunt_ministairs_9, uniq_edmund
D:6:      layout_basic, temple_statues, gammafunk_ghost_stat_death,
          portal_sewer_entry_f, serial_shops, nicolae_shop_overgrown_old_shop
D:7:      layout_rooms, lemuel_crystal_altar, enter_bailey_5,
          grunt_decor_resistance
D:8:      layout_rooms, david_lair_shrubbed, onia_ninara_dug_in_and_dangerous
D:9:      minmay_the_grid_octo_triangle [minmay_the_grid_octo_focus,
          minmay_the_grid_octo_prize_square_snowflake,
          minmay_the_grid_octo_concentric], layout_irregular_city, minivault_14,
          okawaru_humans, uniq_erica
D:10:     layout_roguey, erik_orc_1, nicolae_dithmenos_shadow_blocks,
          uniq_joseph
D:11:     layout_layer_cave, portal_ice_cave_entry_pillars_1, minivault_22
D:12:     layout_cave_pods, kennysheep_generic_room_10
D:13:     layout_gridville, amcnicky_mini_rare_corridor_liquid, uniq_kirke
Temple:   regret_index_temple_sphere_string

Skill      XL: |  1  2  3  4  5  6  7  8  9 10 |
---------------+-------------------------------+-----
Dodging        | 2 3 4 5 |  5.0
Conjurations   | 5 6 7 9 10 | 10.5
Stealth        | 2 3 4 |  4.8
Spellcasting   | 3 5 6 7 8 10 | 10.0
Translocations | 2 4 5 6 |  6.2
Fighting       | 1 2 3 |  3.0
Transmutations | 2 |  2.6
Long Blades    | 1 |  1.5

Action                   |  1- 3 |  4- 6 |  7- 9 | 10-12 || total
-------------------------+-------+-------+-------+-------++-------
Melee: Dagger            |    22 |     5 |    50 |       ||    77
       Tailslap          |       |       |     2 |     2 ||     4
       Scimitar          |       |       |       |    10 ||    10
       Falchion          |       |       |       |     2 ||     2
 Cast: Magic Dart        |    33 |    28 |    73 |    33 ||   167
       Searing Ray       |     6 |    39 |    80 |    33 ||   158
       Iskenderun's Myst |       |       |       |     4 ||     4
Invok: Draw Summoning    |       |       |       |     1 ||     1
 Abil: Breathe Dispellin |       |       |     4 |     4 ||     8
  Use: Scroll            |       |     9 |     4 |     3 ||    16
       Potion            |       |       |     1 |       ||     1
 Stab: Sleeping          |       |     2 |       |     1 ||     3
Armor: Skin              |     7 |     3 |    48 |     9 ||    67
Dodge: Dodged            |    24 |    10 |    62 |    24 ||   120
       Rpst.: Falchion   |       |       |     2 |     1 ||     3
       Scimitar          |       |       |       |     6 ||     6
